AoeStats
← JJ.RAMBO

Fortress

507662794Analyzed
3v3 RM · 12d ago on Sep 19, 2026· 53m 47s· 6 players
Game mode
Random Map
Map size
Large (8 player)
Population
200
Speed
Normal
Resources
Standard
Victory
Conquest
Starting age
Dark Age
Ending age
Imperial Age
RankedLock teamsTeams togetherTeam positionsShared explorationLock speedFull tech treeHidden civsTurbo modeCheats
Victory
Defeat
🇦🇺 Japanese · Australia
981
+14
🇦🇺 Koreans · Australia
961
+15
🇦🇺 Lithuanians · Australia
909
+17
🇨🇴 Slavs · Colombia
1012
-18
🇺🇸 Bulgarians · United States
913
-14
🇷🇺 Burgundians · Russia
908
-14
Jack
2:40 Loom
7:46 Feudal Age
8:21 Double-Bit Axe
8:19 Horse Collar
16:57 Castle Age
17:00 Wheelbarrow
17:16 Scale Barding Armor
17:59 Husbandry
18:10 Bloodlines
21:26 Heavy Plow
21:38 Bow Saw
27:32 Imperial Age
27:38 Imperial Age
25:28 Hand Cart
28:18 Capped Ram
28:26 Cavalier
33:44 Chain Barding Armor
32:49 Elite Leitis
34:13 Paladin
36:35 Caravan
52:14 Fortified Wall
52:00 Murder Holes
53:24 Stone Mining
53:24 Gold Mining
Jay
0:28 Loom
7:18 Feudal Age
8:39 Wheelbarrow
7:47 Horse Collar
7:55 Double-Bit Axe
10:51 Scale Mail Armor
16:31 Castle Age
15:14 Forging
18:29 Hand Cart
22:54 Bow Saw
22:49 Heavy Plow
25:17 Yasama
28:36 Guard Tower
29:08 Ballistics
28:43 Murder Holes
28:49 Pikeman
30:19 Fletching
30:45 Chain Mail Armor
32:20 Caravan
35:50 Imperial Age
36:19 Elite Samurai
37:33 Plate Mail Armor
36:36 Capped Ram
37:58 Halberdier
39:58 Keep
39:39 Bodkin Arrow
40:20 Iron Casting
42:02 Fortified Wall
42:26 Conscription
45:34 Blast Furnace
44:37 Bracer
49:27 Squires
49:13 Arson
49:32 Padded Archer Armor
PetForMeows
1:52 Loom
8:52 Feudal Age
9:32 Double-Bit Axe
13:37 Castle Age
12:57 Horse Collar
14:37 Wheelbarrow
14:43 Bow Saw
18:31 Heavy Plow
19:50 Hand Cart
19:49 Fletching
28:04 Imperial Age
26:44 Squires
26:29 Arson
27:11 Forging
27:05 Scale Mail Armor
27:36 Caravan
28:51 Iron Casting
28:23 Scale Barding Armor
28:15 Bodkin Arrow
28:37 Gambesons
29:55 Conscription
29:35 Elite Fire Lancer
31:54 Chain Mail Armor
32:27 Shinkichon
31:42 Elite War Wagon
33:55 Two-Man Saw
36:59 Guilds
40:18 Bracer
40:50 Plate Mail Armor
42:37 Chemistry
41:58 Ballistics
41:44 Siege Engineers
42:44 Town Watch
43:19 Murder Holes
47:38 Treadmill Crane
48:09 Masonry
49:43 Capped Ram
53:09 Gold Mining
Socrates_Johnson
8:11 Feudal Age
8:31 Loom
12:21 Castle Age
10:30 Horse Collar
11:07 Double-Bit Axe
12:46 Fletching
17:39 Scale Barding Armor
19:29 Bow Saw
19:51 Murder Holes
21:26 Stone Mining
24:56 Forging
26:43 Ballistics
27:16 Gold Mining
28:39 Bodkin Arrow
30:41 Wheelbarrow
30:19 Masonry
30:18 Heavy Plow
29:58 Pikeman
30:40 Squires
35:06 Imperial Age
34:11 Hand Cart
35:40 Halberdier
36:26 Scale Mail Armor
36:47 Chain Barding Armor
38:14 Onager
40:10 Architecture
40:38 Conscription
41:57 Bracer
42:33 Plate Barding Armor
42:36 Iron Casting
43:19 Plate Barding Armor
42:42 Stirrups
42:15 Light Cavalry
43:04 Gambesons
46:13 Chain Mail Armor
46:59 Blast Furnace
46:38 Hussar
47:19 Husbandry
48:17 Plate Mail Armor
48:22 Bloodlines
47:57 Cavalier
JJ.RAMBO
0:40 Loom
7:13 Feudal Age
9:30 Double-Bit Axe
9:51 Horse Collar
14:30 Castle Age
15:02 Bloodlines
14:47 Gold Mining
14:54 Stone Mining
18:11 Wheelbarrow
17:46 Man-at-Arms
24:15 Scale Barding Armor
24:20 Forging
24:11 Scale Mail Armor
27:44 Imperial Age
24:51 Long Swordsman
27:24 Iron Casting
26:15 Light Cavalry
28:56 Fortified Wall
29:13 Conscription
29:10 Town Watch
31:42 Squires
32:24 Two-Handed Swordsman
33:31 Chain Mail Armor
34:05 Gold Shaft Mining
34:57 Hand Cart
35:27 Champion
41:10 Chain Barding Armor
46:24 Blast Furnace
47:09 Caravan
48:41 Druzhina
48:56 Pikeman
Etheling
3:02 Double-Bit Axe
3:40 Horse Collar
7:28 Wheelbarrow
7:56 Loom
9:48 Feudal Age
9:28 Gold Mining
10:42 Heavy Plow
10:54 Bow Saw
12:10 Gold Shaft Mining
12:39 Stone Mining
18:45 Castle Age
17:52 Forging
19:02 Scale Mail Armor
19:47 Stone Shaft Mining
20:20 Crop Rotation
21:00 Iron Casting
21:25 Loom
25:10 Masonry
25:14 Husbandry
26:42 Hand Cart
27:04 Fortified Wall
29:02 Scale Barding Armor
31:02 Cavalier
35:42 Imperial Age
35:20 Two-Man Saw
34:54 Caravan
36:56 Coinage
37:04 Conscription
38:02 Blast Furnace
37:25 Chain Barding Armor
36:58 Paladin
37:44 Herbal Medicine
38:02 Devotion
38:29 Illumination
38:48 Town Watch
39:37 Architecture
39:29 Ballistics
38:55 Arrowslits
39:06 Murder Holes
41:36 Hoardings
40:25 Elite Coustillier
41:10 Squires
40:59 Arson
41:34 Block Printing
42:23 Hoardings
43:24 Plate Barding Armor
42:57 Burgundian Vineyards
44:29 Guard Tower
44:26 Pikeman
45:35 Fletching
46:32 Banking
46:17 Guilds
Connection lost

Rejoining the realm…

Still unreachable

The connection could not be restored.

Session expired

The server has moved on; the page needs a fresh start.